AoeStats
← Sebgir

Arena

506079625Analyzed
1v1 RM · 21d ago on Sep 12, 2026· 19m 30s· 2 players
Game mode
Random Map
Map size
Tiny (2 player)
Population
200
Speed
Normal
Resources
Standard
Victory
Conquest
Starting age
Dark Age
Ending age
Imperial Age
RankedLock teamsTeams togetherTeam positionsShared explorationLock speedFull tech treeHidden civsTurbo modeCheats
Victory
Defeat
🇨🇳 Chinese · China
560
+13
🇫🇷 Britons · France
497
-13
Sebgir
12:14 Feudal Age
12:44 Double-Bit Axe
12:58 Stone Mining
12:51 Horse Collar
14:21 Wheelbarrow
16:11 Gold Mining
21:35 Castle Age
Joker
11:00 Feudal Age
12:19 Wheelbarrow
11:34 Double-Bit Axe
11:33 Horse Collar
15:32 Stone Mining
15:34 Gold Mining
19:01 Castle Age
18:04 Padded Archer Armor
17:56 Fletching
Connection lost

Rejoining the realm…

Still unreachable

The connection could not be restored.

Session expired

The server has moved on; the page needs a fresh start.